AoeStats
← Irving Legend

Coastal Forest

503414940Analyzed
2v2 RM · 1mo ago on Aug 31, 2026· 30m 36s· 4 players
Game mode
Random Map
Map size
Medium (4 player)
Population
200
Speed
Normal
Resources
Standard
Victory
Conquest
Starting age
Dark Age
Ending age
Imperial Age
RankedLock teamsTeams togetherTeam positionsShared explorationLock speedFull tech treeHidden civsTurbo modeCheats
Victory
Defeat
🇨🇴 Britons · Colombia
1115
+15
🇨🇦 Romans · Canada
1092
+16
🇷🇺 Inca · Russia
1095
-16
🇷🇺 Italians · Russia
1094
-16
Vl
7:09 Loom
11:47 Feudal Age
13:36 Double-Bit Axe
16:33 Wheelbarrow
15:44 Town Watch
16:55 Gold Mining
22:54 Castle Age
23:16 Stone Mining
23:27 Fletching
22:59 Crossbowman
24:04 Bow Saw
25:14 Thumb Ring
27:22 Bodkin Arrow
29:06 Padded Archer Armor
30:32 Silk Road
jileh9
0:38 Loom
11:15 Feudal Age
13:53 Double-Bit Axe
17:54 Fletching
23:20 Castle Age
21:48 Padded Archer Armor
23:33 Pikeman
24:45 Bow Saw
26:28 Leather Archer Armor
Thousk_
7:43 Loom
9:32 Feudal Age
12:30 Fletching
17:39 Double-Bit Axe
22:39 Castle Age
20:53 Gold Mining
23:01 Padded Archer Armor
22:41 Crossbowman
23:19 Bodkin Arrow
25:04 Leather Archer Armor
30:40 Ballistics
Irving Legend
7:05 Loom
10:25 Feudal Age
11:04 Man-at-Arms
17:33 Double-Bit Axe
18:42 Wheelbarrow
20:58 Castle Age
19:27 Scale Mail Armor
19:37 Forging
19:27 Gold Mining
19:23 Horse Collar
21:02 Long Swordsman
21:44 Squires
22:01 Chain Mail Armor
Connection lost

Rejoining the realm…

Still unreachable

The connection could not be restored.

Session expired

The server has moved on; the page needs a fresh start.